 Dungeon Crawl Stone Soup version 0.22.1-2-g9c5b331383 (webtiles) character file.

683 Peloso the Shield-Bearer (level 7, -3/60 HPs)
             Began as a Minotaur Fighter on Nov 26, 2018.
             Killed by nerve-wracking pain
             ... invoked by Grinder
              (11 damage)
             ... on level 5 of the Dungeon.
             The game lasted 00:09:05 (3712 turns).

Peloso the Shield-Bearer (Minotaur Fighter)         Turns: 3712, Time: 00:09:05

Health: -3/60      AC: 16    Str: 26    XL:     7   Next: 35%
Magic:  6/6        EV:  6    Int:  5    God:
Gold:   42         SH: 11    Dex: 11    Spells: 6/6 levels left

rFire    . . .     SeeInvis .   a - +0 long sword
rCold    . . .     Gourm    .   c - +0 shield
rNeg     . . .     Faith    .   r - +0 plate armour
rPois    +         Spirit   .   (helmet restricted)
rElec    .         Reflect  .   o - +2 cloak
rCorr    .         Harm     .   (no gloves)
MR       .....                  (no boots)
Stlth    ..........             (no amulet)
HPRegen  0.20/turn              z - ring of wizardry
MPRegen  0.10/turn              q - ring of poison resistance

@: mighty
A: retaliatory headbutt, horns 2
a: no special abilities


You were on level 5 of the Dungeon.
You were not hungry.

You visited 1 branch of the dungeon, and saw 5 of its levels.

You collected 256 gold pieces.
You spent 214 gold pieces at shops.

Inventory:

Hand Weapons
 a - a +0 long sword (weapon)
Armour
 b - a +0 scale mail
 c - a +0 shield (worn)
 o - a +2 cloak (worn)
 r - a +0 plate armour (worn)
Jewellery
 k - a +1 ring of protection
 q - a ring of poison resistance (right hand)
 y - an uncursed ring of flight
 z - a ring of wizardry (left hand)
 A - the amulet "Jegh" {Spirit rC+ MR++ Slay-3}
   (You found it on level 4 of the Dungeon)

   [amulet of guardian spirit]

   It causes incoming damage to be split between your health and magic.
   It affects your accuracy and damage with ranged weapons and melee attacks
   (-3).
   It protects you from cold.
   It affects your resistance to hostile enchantments.
Scrolls
 g - 2 scrolls of identify
 j - 2 scrolls of fear
 n - a scroll of teleportation
 p - 2 scrolls of fog
 s - 2 scrolls of blinking
 t - a scroll of noise
 u - 4 scrolls of remove curse
 w - 2 scrolls of amnesia {unknown}
 x - a scroll of enchant weapon {unknown}
 B - a scroll of enchant armour {unknown}
Potions
 e - 3 potions of mutation
 h - a potion of cancellation
 i - a potion of curing
 v - a potion of flight
Comestibles
 f - 6 rations


   Skills:
 + Level 4.8 Fighting
 + Level 5.8 Long Blades
 + Level 6.1 Armour
 + Level 0.9 Dodging
 + Level 6.4 Shields


You had 6 spell levels left.
You didn't know any spells.
Your spell library was empty.

Dungeon Overview and Level Annotations

Branches:
Dungeon (5/15)
 Temple: D:4-7

Altars:
Qazlal
Ru

Shops:
D:5 ?

Annotations:
D:5 Grinder, Prince Ribbit


Innate Abilities, Weirdness & Mutations

You reflexively headbutt those who attack you in melee.
You have a pair of horns on your head.


Message History

You suddenly lose the ability to move!
Grinder hits you but does no damage. Grinder gestures at you.
You shrug off the repeated paralysis!
Grinder hits you but does no damage. Grinder gestures at you.
Pain shoots through your body!
* * * LOW HITPOINT WARNING * * *
Grinder hits you but does no damage.
You can move again.
You closely miss Grinder.
Grinder is almost dead.
Grinder blinks!
Unknown command.
Grinder gestures at you. Pain shoots through your body!
* * * LOW HITPOINT WARNING * * *
Grinder gestures at you. Pain shoots through your body!
You die...

# ####...)......## #
###......).......#
##...>............#
#.................##
#..................#
#..................#
#..................#
##.................##
#.......@..5...†...#
#..................#
##...................#
#.....................
#
##...........##.......
# #.....#########
#...... .# .....###
...... .# (..###
#.#... .. ### ..##.


You could see Grinder.

Vanquished Creatures
  Edmund (D:5)
  A water moccasin (D:3)
  A necrophage (D:3)
  An ogre (D:4)
  A bullfrog zombie (D:5)
  2 orc priests
  3 orc wizards
  A worker ant (D:4)
  An ooze (D:1)
  An adder skeleton (D:4)
  3 worms
  A leopard gecko (D:3)
  16 orcs
  4 bats
  2 giant cockroaches
  5 hobgoblins
  4 jackals
  6 kobolds
  A quokka (D:4)
  2 frilled lizards
  7 goblins
  8 rats
72 creatures vanquished.

Notes
Turn   | Place    | Note
-------+----------+-------------------------------------------
     0 | D:1      | Peloso the Minotaur Fighter began the quest for the Orb.
     0 | D:1      | Reached XP level 1. HP: 19/19 MP: 0/0
   206 | D:1      | Reached XP level 2. HP: 27/27 MP: 1/1
   799 | D:2      | Found a stormy altar of Qazlal.
   826 | D:2      | Reached XP level 3. HP: 30/33 MP: 2/2
  1450 | D:3      | Found a faded altar of an unknown god.
  1494 | D:3      | Noticed a necrophage
  1533 | D:3      | Killed a necrophage
  1533 | D:3      | Reached XP level 4. HP: 14/38 MP: 3/3
  1533 | D:3      | Reached XP level 5. HP: 16/44 MP: 4/4
  1535 | D:3      | Noticed a water moccasin
  1546 | D:3      | Killed a water moccasin
  1546 | D:3      | Reached skill level 5 in Armour
  1546 | D:3      | Reached skill level 5 in Shields
  2071 | D:4      | Reached skill level 5 in Long Blades
  2071 | D:4      | Reached XP level 6. HP: 48/53 MP: 5/5
  2428 | D:4      | Got a wavering amethyst amulet
  2429 | D:4      | Identified the amulet "Jegh" {Spirit rC+ MR++ Slay-3} (You
                  | found it on level 4 of the Dungeon)
  2439 | D:4      | Found a sacrificial altar of Ru.
  3110 | D:5      | Entered Level 5 of the Dungeon
  3110 | D:5      | Found Viuce's Magic Scroll Emporium.
  3115 | D:5      | Bought a scroll of remove curse for 39 gold pieces
  3115 | D:5      | Bought a scroll of fog for 26 gold pieces
  3115 | D:5      | Bought a scroll of fear for 45 gold pieces
  3115 | D:5      | Bought a scroll of identify for 26 gold pieces
  3115 | D:5      | Bought a scroll of identify for 26 gold pieces
  3130 | D:5      | Bought a scroll of identify for 26 gold pieces
  3130 | D:5      | Bought a scroll of identify for 26 gold pieces
  3187 | D:5      | Reached XP level 7. HP: 13/60 MP: 2/6
  3472 | D:5      | Noticed Prince Ribbit
  3605 | D:5      | Noticed Edmund
  3618 | D:5      | Killed Edmund
  3676 | D:5      | Noticed Grinder
  3681 | D:5      | Paralysed by Grinder for 2 turns
  3691 | D:5      | Paralysed by Grinder for 2 turns
  3703 | D:5      | Paralysed by Grinder for 6 turns
  3712 | D:5      | Killed from afar by Grinder

Skill      XL: |  1  2  3  4  5  6  7 |
---------------+----------------------+-----
Fighting       | 4 |  4.8
Armour         | 4 5 6 |  6.1
Shields        | 4 5 6 |  6.4
Long Blades    | 4 5 |  5.8
Dodging        | |  0.9

Action                   |  1- 3 |  4- 6 |  7- 9 || total
-------------------------+-------+-------+-------++-------
Melee: Long sword        |   110 |   115 |    69 ||   294
       Headbutt          |    15 |    25 |     9 ||    49
  Use: Potion            |     2 |     2 |     2 ||     6
       Scroll            |       |    10 |       ||    10
  Eat: Chunk             |     2 |     3 |     1 ||     6
       Ration            |       |     1 |       ||     1
Armor: Scale mail        |    29 |       |       ||    29
       Plate armour      |    29 |    76 |    44 ||   149
Dodge: Dodged            |    31 |    12 |    15 ||    58
Block: Shield            |    60 |    68 |    26 ||   154
       Rpst.: Long sword |    13 |     4 |     1 ||    18
